Map: Ulrena

Players

DARKING - Winner!

  • Race: Terran Terran
  • League: Platinum

Amfi

  • Race: Zerg Zerg

Event: Gauntlet LotV Series 1 Qualifier 1

VOD

Have the link to the VOD?

Description

Time

  • Played on: Nov. 22, 2015, 3:52 p.m.
  • Length: 6:49

All games in this series

Show
View Real Time Build Order
Export as new Build Order

DARKING Terran - Winner!

Build Orders:  

Get SALT Encoding   

  12  0:01  SCV  
  13  0:13  SCV  
  14  0:17  Supply Depot  
  14  0:25  SCV  
  15  0:39  SCV  
  15  0:41  Barracks  
  16  0:47  Refinery  
  16  0:51  SCV  
  17  1:03  SCV  
  18  1:15  SCV  
  19  1:28  Orbital Command  
  19  1:31  Barracks Reactor  
  19  1:38  Supply Depot  
  19  2:00  Command Center  
  18  2:05  SCV  
  18  2:07  Marine x2  
  21  2:14  Barracks  
  21  2:19  SCV  
  22  2:23  Supply Depot  
  22  2:26  Marine  
  23  2:34  SCV  
  24  2:39  Barracks  
  24  2:42  Marine  
  25  2:51  Marine  
  25  2:52  SCV  
  27  3:00  Marine  
  27  3:02  Barracks Tech Lab  
  27  3:09  Bunker, Marine  
  28  3:18  Marine  
  29  3:20  Orbital Command  
  29  3:25  Stimpack  
  29  3:38  Marine x2  
  29  3:40  Barracks Tech Lab  
  33  3:41  Marauder  
  33  3:56  Orbital Command  
  33  3:57  Marine x2  
  33  4:01  Refinery  
  33  4:02  Marauder  
  37  4:09  SCV  
  38  4:16  Marine x2  
  39  4:21  Marauder  
  39  4:23  SCV x2  
  42  4:38  Marine x2  
  42  4:40  Marauder  
  42  4:45  Marauder  
  48  5:07  Marine x2  
  48  5:09  Command Center  
  48  5:11  Supply Depot  
  50  5:18  SCV x2  
  52  5:24  Factory  
  52  5:25  Marauder  
  52  5:26  Marine  
  52  5:28  Marine  
  56  5:36  SCV x2  
  56  5:41  Supply Depot  
  56  5:51  Marine x2  
  56  5:52  Marauder  
  56  5:56  Marauder  
  62  6:03  SCV, Supply Depot  
  63  6:16  Marine x2  
  63  6:17  Marauder  
Show
View Real Time Build Order
Export as new Build Order

Amfi Zerg 

Build Orders: Pool First, Zergling Baneling 

Get SALT Encoding   

  12  0:20  Extractor  
  11  0:23  Spawning Pool  
  11  0:24  Drone  
  11  0:29  Drone  
  11  0:35  Drone  
  13  0:40  Drone  
  14  0:50  Overlord  
  14  1:01  Overlord  
  14  1:10  Zergling x2  
  15  1:18  Zergling x2  
  15  1:24  Queen  
  18  1:32  Zergling x2  
  19  1:37  Metabolic Boost  
  19  1:43  Zergling x2  
  20  1:56  Zergling x2  
  21  2:03  Zergling x2  
  22  2:11  Zergling x2  
  22  2:33  Drone  
  22  2:34  Drone x3  
  26  2:51  Roach Warren  
  25  2:55  Zergling x4  
  27  2:58  Hatchery  
  25  3:28  Drone  
  25  3:29  Drone x4  
  29  3:42  Overlord  
  29  3:44  Baneling Nest  
  28  3:57  Drone x2  
  28  3:58  Overlord x2  
  30  4:04  Extractor  
  29  4:11  Zergling x4  
  31  4:28  Queen  
  33  4:33  Roach x4  
  39  4:46  Baneling x7  
  39  4:47  Baneling  
  39  4:56  Roach  
  41  5:12  Drone x5  
  41  5:13  Drone x2  
  48  5:18  Drone  
  48  5:38  Roach x3  
  48  5:39  Roach  
  41  5:50  Zergling x2  
  41  5:51  Zergling x8  
  41  5:52  Zergling x2  
  47  6:01  Zergling x2  
  47  6:02  Zergling x6  
  53  6:11  Roach  
  50  6:24  Baneling  
Tags
 
Add a new tag
Caveats
  • Supply blocks, unpowered buildings, or Contaminate may cause inaccurate times.
  • Supply counts are checked every 10 seconds.